[ AOE2 MATCH · #505511528 ]
UnrankedAztecs vs Burgundians
Player's team · LOSS
[ REPLAY ANALYSIS · EXTRACTED FROM THE RECORDED GAME ]
Feudal
8:52
Castle
21:51
Imperial
—
| APM avg | 56.4 |
| APM peak | 99 |
| eAPM avg | 28.9 |
| Villagers / military | 46 / 14 |
Focus
⚔️ 50.2% · 🌾 49.8%
Eagle Scout ×7 · Archer ×6 · Monk ×1
Feudal
10:56
Castle
14:52
Imperial
—
| APM avg | 69.9 |
| APM peak | 139 |
| eAPM avg | 32.0 |
| Villagers / military | 82 / 13 |
Focus
⚔️ 31.1% · 🌾 68.9%
Flemish Militia ×7 · Mangonel ×4 · Monk ×2
Match map
Initial resources + every placement click. Lines = walls · curves = elevation contours. ◆ gold · ⬟ stone · ● berries · ✦ relic · ◌ wall gap
Your base· ✓ Closed at 21:51 · 1t walls · 4 gate(s)
Edelreiss's base· ✓ Closed at 14:52 · 14t walls · 2 gate(s)
Smoothed initial terrain · ◌ = detected wall gap · hover for details
Inputs per minute
— AceRx - - Edelreiss
Build order — AceRx
125 actions detected in the replay
| 0:00 | Queue | Villager (Male) |
| 0:01 | Queue | Villager (Male) |
| 0:01 | Queue | Villager (Male) |
| 0:02 | Build | House |
| 0:04 | Build | House |
| 0:06 | Queue | Villager (Male) |
| 1:21 | Queue | Villager (Male) |
| 1:22 | Queue | Villager (Male) |
| 1:44 | Build | Lumber Camp |
| 1:52 | Queue | Villager (Male) |
| 1:52 | Queue | Villager (Male) |
| 2:11 | Queue | Villager (Male) |
| 2:39 | Queue | Villager (Male) |
| 3:04 | Queue | Villager (Male) |
| 3:28 | Queue | Villager (Male) |
| 3:31 | Build | House |
| 3:32 | Build | House |
| 4:07 | Queue | Villager (Male) |
| 4:33 | Queue | Villager (Male) |
| 4:49 | Queue | Villager (Male) |
| 5:00 | Build | Mining Camp |
| 5:27 | Queue | Villager (Male) |
| 5:47 | Queue | Villager (Male) |
| 5:53 | Research | Loom |
| 6:22 | Research | Feudal Age |
| 7:15 | Build | Mining Camp |
| 8:14 | Queue | Villager (Male) |
| 8:52 | Age | Feudal Age |
| 8:53 | Build | Watch Tower |
| 8:56 | Build | Barracks |
| 9:03 | Research | Double-Bit Axe |
| 9:17 | Queue | Villager (Male) |
| 9:34 | Queue | Villager (Male) |
| 9:51 | Build | House |
| 10:04 | Queue | Villager (Male) |
| 10:26 | Build | Archery Range |
| 10:28 | Queue | Villager (Male) |
| 10:49 | Queue | Villager (Male) |
| 10:59 | Build | Mill |
| 11:26 | Queue | Archer |
| 11:32 | Build | Watch Tower |
| 11:34 | Queue | Villager (Male) |
| 11:40 | Build | Palisade Gate |
| 11:44 | Build | Palisade Wall |
| 11:48 | Build | Palisade Gate |
| 11:53 | Queue | Villager (Male) |
| 11:59 | Queue | Archer |
| 12:05 | Build | House |
| 12:23 | Queue | Villager (Male) |
| 12:28 | Build | Watch Tower |
| 12:32 | Build | Watch Tower |
| 12:35 | Queue | Archer |
| 12:46 | Queue | Villager (Male) |
| 13:01 | Build | Farm |
| 13:02 | Build | Farm |
| 13:02 | Build | Farm |
| 13:15 | Queue | Villager (Male) |
| 13:20 | Build | House |
| 13:25 | Queue | Archer |
| 13:42 | Queue | Villager (Male) |
| 13:43 | Build | Farm |
| 13:44 | Build | Farm |
| 13:50 | Queue | Archer |
| 13:58 | Queue | Villager (Male) |
| 14:11 | Queue | Archer |
| 14:26 | Build | Blacksmith |
| 14:27 | Build | House |
| 14:30 | Queue | Villager (Male) |
| 14:49 | Queue | Villager (Male) |
| 15:01 | Build | Farm |
| 15:02 | Build | Farm |
| 15:17 | Build | Farm |
| 15:37 | Build | Watch Tower |
| 15:46 | Queue | Villager (Male) |
| 15:50 | Research | Fletching |
| 16:10 | Build | Farm |
| 16:23 | Queue | Villager (Male) |
| 16:50 | Queue | Villager (Male) |
| 16:56 | Queue | Villager (Male) |
| 16:58 | Build | Farm |
| 16:58 | Build | Farm |
| 17:02 | Build | Lumber Camp |
| 17:22 | Build | Farm |
| 17:54 | Build | Farm |
| 17:54 | Queue | Villager (Male) |
| 18:11 | Build | Market |
| 18:39 | Queue | Villager (Male) |
| 18:45 | Build | House |
| 19:11 | Research | Castle Age |
| 19:12 | Research | Castle Age |
| 19:39 | Build | Barracks |
| 19:45 | Queue | Eagle Scout |
| 19:46 | Research | Scale Mail Armor |
| 19:47 | Research | Scale Mail Armor |
| 20:08 | Build | Lumber Camp |
| 20:26 | Research | Gold Mining |
| 20:26 | Research | Gold Mining |
| 20:27 | Queue | Eagle Scout |
| 20:55 | Queue | Eagle Scout |
| 20:58 | Queue | Villager (Male) |
| 21:23 | Research | Horse Collar |
| 21:27 | Queue | Eagle Scout |
| 21:27 | Queue | Eagle Scout |
| 21:31 | Build | Mining Camp |
| 21:51 | Age | Castle Age |
| 21:57 | Research | Eagle Warrior (upgrade) |
| 21:57 | Research | Eagle Warrior (upgrade) |
| 22:00 | Queue | Villager (Male) |
| 22:17 | Queue | Villager (Male) |
| 22:18 | Queue | Eagle Scout |
| 22:38 | Queue | Villager (Male) |
| 22:43 | Research | Bow Saw |
| 22:44 | Research | Bow Saw |
| 22:54 | Queue | Eagle Scout |
| 23:00 | Build | Monastery |
| 23:02 | Queue | Villager (Male) |
| 23:09 | Build | Farm |
| 23:19 | Queue | Villager (Male) |
| 23:46 | Build | Farm |
| 23:47 | Queue | Monk |
| 24:00 | Queue | Villager (Male) |
| 24:16 | Queue | Villager (Male) |
| 24:17 | Build | Farm |
| 24:33 | Build | Farm |
| 24:34 | Build | Farm |
Build order — Edelreiss
First 150 of 165 actions detected
| 0:00 | Queue | Villager (Male) |
| 0:01 | Queue | Villager (Male) |
| 0:01 | Queue | Villager (Male) |
| 0:02 | Build | House |
| 0:03 | Build | House |
| 0:06 | Queue | Villager (Male) |
| 1:18 | Queue | Villager (Male) |
| 1:44 | Queue | Villager (Male) |
| 2:20 | Build | Lumber Camp |
| 2:23 | Queue | Villager (Male) |
| 2:45 | Queue | Villager (Male) |
| 2:48 | Queue | Villager (Male) |
| 3:05 | Research | Double-Bit Axe |
| 3:28 | Queue | Villager (Male) |
| 3:28 | Queue | Villager (Male) |
| 3:44 | Queue | Villager (Male) |
| 4:08 | Build | House |
| 4:11 | Build | House |
| 4:23 | Queue | Villager (Male) |
| 4:23 | Queue | Villager (Male) |
| 4:37 | Queue | Villager (Male) |
| 4:41 | Queue | Villager (Male) |
| 4:51 | Queue | Villager (Male) |
| 4:56 | Queue | Villager (Male) |
| 4:56 | Queue | Villager (Male) |
| 5:37 | Build | Mill |
| 5:43 | Queue | Villager (Male) |
| 5:43 | Queue | Villager (Male) |
| 5:51 | Queue | Villager (Male) |
| 5:52 | Queue | Villager (Male) |
| 6:02 | Queue | Villager (Male) |
| 6:28 | Build | Farm |
| 6:44 | Build | Farm |
| 6:56 | Queue | Villager (Male) |
| 7:24 | Queue | Villager (Male) |
| 8:03 | Research | Feudal Age |
| 8:35 | Build | Mining Camp |
| 8:51 | Queue | Villager (Male) |
| 8:51 | Queue | Villager (Male) |
| 9:01 | Research | Loom |
| 9:01 | Queue | Villager (Male) |
| 10:35 | Build | Palisade Wall |
| 10:45 | Build | House |
| 10:56 | Age | Feudal Age |
| 11:02 | Build | Market |
| 11:05 | Build | Blacksmith |
| 11:17 | Build | House |
| 11:20 | Build | Palisade Wall |
| 11:47 | Queue | Villager (Male) |
| 11:49 | Queue | Villager (Male) |
| 11:52 | Queue | Villager (Male) |
| 11:55 | Queue | Villager (Male) |
| 11:59 | Research | Castle Age |
| 12:35 | Build | Watch Tower |
| 12:47 | Research | Bow Saw |
| 12:47 | Research | Bow Saw |
| 12:56 | Build | Farm |
| 12:57 | Build | Farm |
| 13:14 | Build | Mining Camp |
| 13:24 | Queue | Villager (Male) |
| 13:38 | Build | Farm |
| 13:39 | Queue | Villager (Male) |
| 13:41 | Queue | Villager (Male) |
| 13:54 | Build | House |
| 14:37 | Build | House |
| 14:39 | Queue | Villager (Male) |
| 14:52 | Age | Castle Age |
| 14:56 | Build | Siege Workshop |
| 14:57 | Build | Monastery |
| 15:16 | Build | Mining Camp |
| 15:32 | Queue | Mangonel |
| 15:32 | Queue | Mangonel |
| 15:53 | Queue | Mangonel |
| 15:53 | Queue | Mangonel |
| 16:07 | Build | House |
| 16:17 | Queue | Villager (Male) |
| 16:56 | Queue | Villager (Male) |
| 17:06 | Queue | Monk |
| 17:22 | Build | Stone Wall |
| 17:56 | Build | Town Center |
| 17:56 | Queue | Villager (Male) |
| 17:57 | Queue | Villager (Male) |
| 18:23 | Build | Farm |
| 18:38 | Build | Farm |
| 18:42 | Build | Farm |
| 18:45 | Build | Farm |
| 18:46 | Build | Farm |
| 18:47 | Queue | Villager (Male) |
| 19:16 | Build | Farm |
| 19:17 | Build | Farm |
| 19:25 | Queue | Villager (Male) |
| 19:35 | Build | House |
| 19:43 | Build | Farm |
| 19:44 | Build | Farm |
| 19:44 | Queue | Villager (Male) |
| 19:46 | Build | Farm |
| 20:04 | Queue | Villager (Male) |
| 20:05 | Queue | Villager (Male) |
| 20:09 | Build | Farm |
| 20:15 | Build | Farm |
| 20:16 | Queue | Villager (Male) |
| 20:19 | Queue | Monk |
| 20:35 | Queue | Villager (Male) |
| 20:35 | Queue | Villager (Male) |
| 20:41 | Build | Barracks |
| 20:44 | Queue | Villager (Male) |
| 20:44 | Queue | Villager (Male) |
| 20:56 | Queue | Villager (Male) |
| 20:56 | Queue | Villager (Male) |
| 21:04 | Build | Farm |
| 21:08 | Queue | Villager (Male) |
| 21:16 | Queue | Villager (Male) |
| 21:16 | Queue | Villager (Male) |
| 21:24 | Queue | Flemish Militia |
| 21:24 | Queue | Flemish Militia |
| 21:25 | Queue | Flemish Militia |
| 21:36 | Queue | Villager (Male) |
| 21:36 | Queue | Villager (Male) |
| 21:39 | Build | Farm |
| 21:39 | Build | Farm |
| 21:40 | Queue | Villager (Male) |
| 21:40 | Queue | Villager (Male) |
| 21:43 | Build | Farm |
| 21:50 | Queue | Villager (Male) |
| 21:51 | Queue | Villager (Male) |
| 22:02 | Queue | Flemish Militia |
| 22:02 | Queue | Flemish Militia |
| 22:08 | Build | Farm |
| 22:10 | Build | Farm |
| 22:13 | Build | Farm |
| 22:13 | Queue | Villager (Male) |
| 22:13 | Queue | Villager (Male) |
| 22:18 | Queue | Flemish Militia |
| 22:19 | Queue | Flemish Militia |
| 22:23 | Build | House |
| 22:24 | Build | House |
| 22:33 | Build | House |
| 22:35 | Queue | Villager (Male) |
| 22:44 | Research | Wheelbarrow |
| 22:45 | Research | Wheelbarrow |
| 22:45 | Queue | Villager (Male) |
| 22:57 | Queue | Villager (Male) |
| 23:00 | Build | House |
| 23:03 | Build | House |
| 23:04 | Build | House |
| 23:04 | Queue | Villager (Male) |
| 23:15 | Queue | Villager (Male) |
| 23:17 | Queue | Villager (Male) |
| 23:21 | Queue | Villager (Male) |
| 23:29 | Build | Stable |
Match timeline
| 8:52 | AceRx · age_up feudal |
| 8:56 | AceRx · first_building Barracks |
| 10:26 | AceRx · first_building Archery Range |
| 10:35 | Edelreiss · wall_segment Palisade Wall x10 |
| 10:56 | Edelreiss · age_up feudal |
| 11:20 | Edelreiss · wall_segment Palisade Wall x4 |
| 11:44 | AceRx · wall_segment Palisade Wall x1 |
| 14:52 | Edelreiss · age_up castle |
| 14:56 | Edelreiss · first_building Siege Workshop |
| 14:57 | Edelreiss · first_building Monastery |
| 17:01 | Edelreiss · first_market_sell 100 stone |
| 17:22 | Edelreiss · wall_segment Stone Wall x1 |
| 19:03 | AceRx · first_market_sell 100 wood |
| 19:03 | AceRx · first_market_buy 100 food |
| 20:41 | Edelreiss · first_building Barracks |
| 21:51 | AceRx · age_up castle |
| 23:00 | AceRx · first_building Monastery |
| 23:29 | Edelreiss · first_building Stable |
| 23:34 | Edelreiss · first_market_buy 100 wood |
| 24:53 | AceRx · resign |
[ AI ANALYSIS · 1 CREDIT ]
What really happened in this match?
Wolo.gg analyzes every decision: build order, eco, micro, common mistakes by bracket. Personalized analysis on WhatsApp or Discord in 30 seconds.
Civ guide
Aztecs
Perfil
Jugador #3302487